 Dungeon Crawl Stone Soup version 0.31-b1-18-g61460d1e46 (webtiles) character file.

Game seed: 8111596177255626205

133 groovy9 the Conjurer (level 4, -5/24 HPs)
             Began as a Deep Elf Conjurer on Jan 16, 2024.
             Killed by divine providence
             ... invoked by an orc priest
              (13 damage)
             ... on level 3 of the Dungeon.
             The game lasted 00:06:12 (2087 turns).

groovy9 the Conjurer (Deep Elf Conjurer)            Turns: 2087, Time: 00:06:13

Health: -5/24      AC:  3    Str:  4    XL:     4   Next: 93%
Magic:  12/12      EV: 12    Int: 25    God:
Gold:   34         SH:  0    Dex: 13    Spells: 1/12 levels left

rFire   . . .        h - +0 dagger
rCold   . . .        (no shield)
rNeg    . . .        a - +0 robe
rPois   .            (no helmet)
rElec   .            k - +0 cloak
rCorr   .            (no gloves)
SInv    .            (no boots)
Will    .....        (no amulet)
Stlth   ++           (no ring)
HPRegen 0.24/turn    (no ring)
MPRegen 0.13/turn

%: no passive effects
@: no status effects
A: no striking features
a: no special abilities


You were on level 3 of the Dungeon.
You visited 1 branch of the dungeon, and saw 3 of its levels.

You collected 70 gold pieces.
You spent 36 gold pieces at shops.

Inventory:

Hand Weapons
 h - a +0 dagger (weapon)
Armour
 a - a +0 robe (worn)
 k - a +0 cloak (worn)
Scrolls
 d - a scroll of fog {unknown}
 f - a scroll of identify {unknown}
 l - 4 scrolls of teleportation
 m - a scroll of immolation {unknown}
 n - a scroll of enchant weapon {unknown}
 o - a scroll of torment {unknown}
 q - a scroll of revelation {unknown}
Potions
 c - a potion of attraction {unknown}
 e - 2 potions of berserk rage {unknown}
 g - a potion of curing {unknown}
 i - a potion of mutation {unknown}
 j - a potion of lignification {unknown}
 p - a potion of invisibility {unknown}


   Skills:
 - Level 2.4 Dodging
 - Level 2.4 Stealth
 + Level 4.6 Spellcasting
 * Level 6.2 Conjurations


You had one spell level left.
You knew the following spells:

 Your Spells              Type           Power      Damage    Failure   Level
a - Magic Dart            Conj           100%       1d8       1%          1
b - Searing Ray           Conj           72%        2d7       1%          2
c - Fulminant Prism       Conj/Alch      10%        3d8       24%         4
d - Iskenderun's Mystic   Conj/Tloc      21%        2d6       24%         4

Your spell library contained the following spells:

 Spells                   Type           Power      Damage    Failure   Level


Dungeon Overview and Level Annotations

Branches:
Dungeon (3/15)

Altars:
Qazlal

Shops:
D:1 *   D:2 *


Message History

You finish channelling your searing ray.
Your Conjurations skill increases to level 6!
Casting: Searing Ray (safe; 1% risk of failure)
Confirm with . or Enter, or press ? or * to list all spells.
Aiming: Searing Ray (safe; 1% risk of failure)
Press: ? - help, Shift-Dir - straight line, f - orc priest
Aim: an orc priest, wielding a +0 club and wearing a +3 leather armour (81% to hit)
The searing ray hits the orc priest.
The orc priest is moderately wounded. (Press . to maintain the ray.)
A gnoll comes into view. It is wielding a +0 spear.
The orc priest calls down the wrath of Beogh upon you.
Beogh smites you!
Ouch! That really hurt!
* * * LOW HITPOINT WARNING * * *
You hear a shout!
The searing ray hits something!
The searing ray hits the orc priest but does no damage.
The orc priest is moderately wounded.
The orc priest mumbles some strange prayers to Beogh against you.
The searing ray hits the orc priest.
The orc priest is severely wounded.
Something hits you but does no damage.
Deactivating autopickup; reactivate with Ctrl-A.
The searing ray hits something!
Reactivating autopickup.
You feel a bit more experienced.
The searing ray hits the orc priest.
The orc priest is almost dead.
You finish channelling your searing ray.
The orc priest looks braver for a moment.
Casting: Searing Ray (safe; 1% risk of failure)
Confirm with . or Enter, or press ? or * to list all spells.
You don't have enough magic to cast this spell.
Unknown command.
Unknown command.
Magic courses through your body.
The orc priest invokes the aid of Beogh against you.
Beogh smites you!
Ouch! That really hurt!
You die...

...........#
.....>.....#
.####......#
######.##
#######.#
........#
######..#
..#########..#
...go<)@.....#
...########..#
#..... ##.#.##
#.#.# #.# #
#.. .#


You could see an orc priest and a gnoll.

Vanquished Creatures
  2 orc wizards (D:3)
  3 adders (D:2)
  A ribbon worm (D:2)
  A dart slug (D:1)
  2 orcs (D:3)
  5 ball pythons
  2 bats (D:2)
  An endoplasm (D:1)
  4 giant cockroaches
  3 goblins
  5 hobgoblins
  8 jackals
  A kobold (D:2)
  A quokka (D:1)
  4 frilled lizards
  5 rats
48 creatures vanquished.

Notes
Turn   | Place    | Note
-------+----------+-------------------------------------------
     0 | D:1      | groovy9 the Deep Elf Conjurer began the quest for the Orb.
     0 | D:1      | Reached XP level 1. HP: 10/10 MP: 6/6
   218 | D:1      | Found Pipp's General Store.
   245 | D:1      | Bought a potion of degeneration for 13 gold pieces
   359 | D:1      | Reached XP level 2. HP: 15/15 MP: 1/8
   362 | D:1      | Learned a level 2 spell: Searing Ray
   428 | D:1      | Reached skill level 5 in Conjurations
  1225 | D:2      | Reached XP level 3. HP: 19/19 MP: 7/10
  1546 | D:2      | Found Soofenk's Assorted Antiques.
  1575 | D:2      | Reached XP level 4. HP: 19/24 MP: 10/12
  1673 | D:2      | Bought a scroll labelled EGONOO ZUTIETAIH for 23 gold
                  | pieces
  1697 | D:2      | Found a stormy altar of Qazlal.
  2048 | D:3      | Learned a level 4 spell: Fulminant Prism
  2053 | D:3      | Learned a level 4 spell: Iskenderun's Mystic Blast
  2083 | D:3      | Reached skill level 6 in Conjurations
  2087 | D:3      | Killed from afar by an orc priest

Illustrated notes

Levels and vault maps discovered:
D:1:      lightli_arrival_isolated_outpost, layout_loops_ring, serial_shops,
          shop, minmay_tree_intersection
D:2:      layout_basic, serial_shops, nicolae_shop_gibbet_a_chance, basic_altar,
          minmay_fractal_squares_5
D:3:      layout_loops_ring, zin_scriptorium, mainiacjoe_overflow_brackets,
          gammafunk_ghost_gnarly_gnolls, uniq_jessica

Skill      XL: |  1  2  3  4 |
---------------+-------------+-----
Conjurations   | 5 6 |  6.2
Spellcasting   | 4 |  4.6
Dodging        | |  2.4
Stealth        | |  2.4

Action                     |  1- 3 |  4- 6 || total
---------------------------+-------+-------++-------
  Melee: Unarmed           |     3 |       ||     3
         Dagger            |    17 |       ||    17
         Punch             |     1 |       ||     1
   Cast: Magic Dart        |    39 |     3 ||    42
         Searing Ray       |    12 |     8 ||    20
    Use: Potion            |     1 |     1 ||     2
         Scroll            |       |     1 ||     1
 Armour: Robe              |    11 |     2 ||    13
  Dodge: Dodged            |    22 |     2 ||    24
